 Dungeon Crawl Stone Soup version 0.30-a0-847-g17996783a1 (webtiles) character file.

Game seed: 2647756649428944551

23 holysushi the Cutter (level 2, -4/24 HPs)
             Began as a Demonspawn Monk on Mar 3, 2023.
             Slain by a gnoll
             ... wielding a +0 halberd
              (10 damage)
             ... on level 2 of the Dungeon.
             The game lasted 00:00:52 (773 turns).

holysushi the Cutter (Demonspawn Monk)               Turns: 773, Time: 00:00:52

Health: -4/24      AC:  3    Str: 11    XL:     2   Next: 75%
Magic:  2/2        EV: 12    Int: 11    God:
Gold:   89         SH:  0    Dex: 15    Spells: 1/1 levels left

rFire   . . .      SeeInvis .    a - +0 short sword
rCold   + . .      Faith    .    (no shield)
rNeg    . . .      Spirit   .    b - +0 robe
rPois   .          Reflect  .    (no helmet)
rElec   .          Rampage  .    (no cloak)
rCorr   .                        (no gloves)
Will    .....                    h - +0 pair of boots
Stlth   ++                       (no amulet)
HPRegen 0.24/turn                d - ring of protection from cold
MPRegen 0.08/turn                (no ring)

@: no status effects
A: hooves 1
a: no special abilities


You were on level 2 of the Dungeon.
You visited 1 branch of the dungeon, and saw 2 of its levels.

You collected 89 gold pieces.

Inventory:

Hand Weapons
 a - a +0 short sword (weapon)
Armour
 b - a +0 robe (worn)
 h - a +0 pair of boots (worn)
Jewellery
 d - a ring of protection from cold (left hand)
Scrolls
 f - a scroll of noise {unknown}
Potions
 c - a potion of ambrosia
 e - a potion of brilliance {unknown}
 g - a potion of attraction {unknown}


   Skills:
 - Level 3.0 Fighting
 + Level 3.7 Short Blades
 - Level 2.6 Dodging
 - Level 1.7 Stealth


You had one spell level left.
You didn't know any spells.
Your spell library was empty.

Dungeon Overview and Level Annotations

Branches:
Dungeon (2/15) Zot: 11234

Altars:


Innate Abilities, Weirdness & Mutations

You have large cloven feet.


Message History

Search for what [? for help]? @ You see here a +0 pair of boots.
h - a +0 pair of boots You start putting on your armour.
You continue putting on your +0 pair of boots. x4
You finish putting on your +0 pair of boots.
Search for what [Enter for "@", or ? for help]?
There is a faded altar of an unknown god here.
This altar belongs to (a) Vehumet, (b) Fedhas or (c) Trog, but you can't tell which.
Press the corresponding letter to learn more about a god, or press enter to convert or escape to cancel.
Okay, then.
Unknown command.
Press < or > to pray at altars.
(D) Dungeon
Where to? (Enter - D:1 @ (x,y), ? - help)
There is a stone staircase leading down here.
You climb downwards.
Found 13 gold pieces.
There is a stone staircase leading up here.
There are monsters nearby!
The gnoll shouts!
You hear an angry hiss.
An adder comes into view.
The gnoll shouts! x2
You hit the gnoll.
The gnoll is lightly wounded.
You closely miss the gnoll.
The gnoll is lightly wounded.
The gnoll hits you with a +0 halberd. The gnoll closely misses you.
The gnoll barely misses you.
You closely miss the gnoll.
The gnoll is lightly wounded.
A bat comes into view.
The gnoll hits you with a +0 halberd. The gnoll hits you with a +0 club!
The gnoll hits you from afar with a +0 spear.
* * * LOW HITPOINT WARNING * * *
An adder comes into view.
You are too injured to fight recklessly!
You are too injured to fight recklessly!
The gnoll attacks as you move away! The gnoll barely misses you.
The gnoll hits you from afar with a +0 halberd!
You die...

. .r## #....##
#...##########b
#.<.@ggggS...
######.###.b.
.# .# .# .# S#
##


You could see 4 gnolls, an adder and a bat (wandering).

Vanquished Creatures
  A dart slug (D:1)
  2 bats (D:1)
  3 endoplasms (D:1)
  2 goblins (D:1)
  A hobgoblin (D:1)
  A kobold (D:1)
  2 quokkas (D:1)
  2 ball pythons (D:1)
  A frilled lizard (D:1)
  5 rats (D:1)
20 creatures vanquished.

Notes
Turn   | Place    | Note
-------+----------+-------------------------------------------
     0 | D:1      | holysushi the Demonspawn Monk began the quest for the Orb.
     0 | D:1      | Reached XP level 1. HP: 18/18 MP: 1/1
   264 | D:1      | Discovered your monstrous ancestry.
   264 | D:1      | Gained mutation: You have large cloven feet. [demonic
                  | ancestry]
   264 | D:1      | Reached XP level 2. HP: 18/24 MP: 2/2
   352 | D:1      | Found a faded altar of an unknown god.
   773 | D:2      | Slain by a gnoll

Illustrated notes

Levels and vault maps discovered:
D:1:      eino_arrival_water_star, layout_loops_ring,
          chequers_ecumenical_altar_simple, serial_glass, glass_columns_a,
          glass_columns_a, glass_columns_c, glass_columns_a, glass_columns_a,
          glass_columns_a
D:2:      layout_rooms, uniq_sigmund, uniq_robin

Skill      XL: |  1 |
---------------+----+-----
Short Blades   | 3 |  3.7
Fighting       | |  3.0
Dodging        | |  2.6
Stealth        | |  1.7

Action                     || total
---------------------------++-------
  Melee: Short sword       ||    52
         Kick              ||     9
   Stab: Sleeping          ||     5
 Armour: Robe              ||     9
  Dodge: Dodged            ||    37

Table legend: (Time is in decaauts)
 A = Elapsed time spent in this place.
 B = Non-inter-level travel time spent in this place.
 C = Inter-level travel time spent in this place.
 D = Time resting spent in this place.
 E = Time spent auto-exploring this place.
 F = Levels seen in this place.
 G = Mean time per level.
                   A        B        C        D        E       F      G
               +--------+--------+--------+--------+--------+-----+--------+
         Total |    764 |    688 |     76 |     72 |    469 |   2 |  382.0 |
       Dungeon |    764 |    688 |     76 |     72 |    469 |   2 |  382.0 |
               +--------+--------+--------+--------+--------+-----+--------+

Top non-repeatable levels by time:
     D:1: 758 daAuts
     D:2: 6 daAuts
